 Dungeon Crawl Stone Soup version 0.25-a0-547-g27a0b5d1ef (webtiles) character file.

Game seed: 7138299926810325964, levelgen mode: deterministic

95 Esekla the Magician (level 4, -1/24 HPs)
             Began as a Deep Elf Wizard on Feb 22, 2020.
             Was an Initiate of Ashenzari.
             Slain by an orc wizard
             ... wielding a +0 dagger
              (2 damage)
             ... on level 3 of the Dungeon.
             The game lasted 00:13:39 (2205 turns).

Esekla the Magician (Deep Elf Wizard)               Turns: 2205, Time: 00:13:42

Health: -1/24      AC:  3    Str: 10    XL:     4   Next: 39%
Magic:  1/14       EV: 17    Int: 23    God:    Ashenzari [......]
Gold:   90         SH:  0    Dex: 13    Spells: 6/15 levels left

rFire    . . .     SeeInvis .   n - +0 short sword
rCold    . . .     Gourm    .   (no shield)
rNeg     . . .     Faith    .   a - +0 robe
rPois    .         Spirit   .   b - +0 hat
rElec    .         Reflect  .   (no cloak)
rCorr    .         Harm     .   (no gloves)
MR       .....                  o - +0 pair of boots
Stlth    ++........             (no amulet)
HPRegen  0.08/turn              c - +4 ring of evasion
MPRegen  0.14/turn              (no ring)

@: mighty, slowed, very slow
A: no striking features
a: Curse Item, Renounce Religion


You were on level 3 of the Dungeon.
You worshipped Ashenzari.
Ashenzari was noncommittal.
You were near starving.

You visited 1 branch of the dungeon, and saw 3 of its levels.

You collected 90 gold pieces.

Inventory:

Hand Weapons
 n - a +0 short sword (weapon)
Armour
 a - a +0 robe (worn)
 b - a +0 hat (worn)
 o - a +0 pair of boots (worn)
Jewellery
 c - a +4 ring of evasion (left hand)
Scrolls
 e - 3 scrolls of teleportation {unknown}
 f - 3 scrolls of identify {unknown}
 i - 2 scrolls of magic mapping {unknown}
 l - a scroll of remove curse
 m - a scroll of enchant armour {unknown}
 q - a scroll of fog {unknown}
Potions
 g - a potion of stabbing {unknown}
 h - a potion of lignification {unknown}
 j - 2 potions of might
 k - a potion of magic {unknown}
 p - a potion of degeneration {unknown}
 r - a potion of mutation {unknown}
Comestibles
 d - 4 rations


   Skills:
 + Level 0.3 Short Blades
 * Level 2.7 Dodging
 - Level 2.4 Stealth
 * Level 6.3 Spellcasting
 + Level 1.7 Conjurations
   Level 1.1 Summonings
 * Level 1.5 Translocations
 * Level 0.5 Air Magic
 * Level 0.9 Poison Magic


You had 6 spell levels left.
You knew the following spells:

 Your Spells              Type           Power        Failure   Level  Hunger
a - Magic Dart            Conj           ###.         4%          1    None
b - Blink                 Tloc           N/A          7%          2    None
c - Mephitic Cloud        Conj/Pois/Air  ##......     16%         3    #......
f - Conjure Flame         Conj/Fire      ##......     17%         3    #......

Your spell library contained the following spells:

 Spells                   Type           Power        Failure   Level  Hunger
 Call Imp                 Summ           ##......     8%          2    None
 Slow                     Hex            #.......     13%         2    None


Dungeon Overview and Level Annotations

Branches:
Dungeon (3/15)

Altars:
Ashenzari
The Shining One


Message History

You hit the adder but do no damage.
The adder is severely wounded.
The orc wizard seems less confused.
The orc hits you with a +0 club.
The orc wizard hits you but does no damage.
The adder closely misses you. The orc misses you.
The orc wizard hits you with a +0 dagger.
* * * LOW HITPOINT WARNING * * *
It was a potion of might.
You feel very mighty all of a sudden.
The adder bites the orc.
The orc wizard barely misses you. The orc hits you with a +0 club.
* * * LOW HITPOINT WARNING * * *
The orc wizard hits you but does no damage.
You hit the orc.
You kill the orc!
The orc wizard casts a spell at you. The magic dart hits you.
* * * LOW HITPOINT WARNING * * *
The orc wizard hits you with a +0 dagger.
You die...

.. .#.## .... .#..
....#####... ...........
#.........# #..#....# .
#.##......######..# ..#
........@.......#.####.#
...#.#.o.)......#.......
#....S.......##.#.##
#...........# #.....
#..........# #..#.
#########..# ####...
#..####......
#..†§...####.
############.


You could see an orc wizard and an adder (confused).

Vanquished Creatures
  A worker ant (D:2)
  An adder (D:2)
  2 worms (D:2)
  A dart slug (D:1)
  2 leopard geckos
  2 orcs (D:3)
  A giant cockroach (D:2)
  3 goblins
  9 hobgoblins
  A jackal (D:2)
  A quokka (D:1)
  9 bats
  4 frilled lizards
  9 kobolds
  4 rats
50 creatures vanquished.

Notes
Turn   | Place    | Note
-------+----------+-------------------------------------------
     0 | D:1      | Esekla the Deep Elf Wizard began the quest for the Orb.
     0 | D:1      | Reached XP level 1. HP: 10/10 MP: 7/7
   140 | D:1      | Reached skill level 5 in Spellcasting
   140 | D:1      | Reached XP level 2. HP: 7/15 MP: 5/10
   158 | D:1      | Learned a level 2 spell: Blink
   966 | D:2      | Reached XP level 3. HP: 16/19 MP: 4/12
   971 | D:2      | Learned a level 3 spell: Mephitic Cloud
   975 | D:2      | Learned a level 3 spell: Conjure Flame
  1121 | D:2      | Reached skill level 6 in Spellcasting
  1425 | D:1      | Reached XP level 4. HP: 24/24 MP: 8/14
  1558 | D:2      | Found a shattered altar of Ashenzari.
  1720 | D:2      | Became a worshipper of Ashenzari the Shackled
  1922 | D:2      | Found a glowing golden altar of the Shining One.
  2205 | D:3      | HP: 1/24 [orc wizard/magic dart (5)]
  2205 | D:3      | Slain by an orc wizard

Levels and vault maps discovered:
D:1:      dpeg_arrival_tiny_d, layout_loops_ring
D:2:      minmay_razor_zed, layout_basic, nicolae_overflow_crystal_walls,
          nicolae_tso_swordbearing_angel, chequers_serial_rivers_large_a,
          minmay_mini_jars
D:3:      layout_rooms, lemuel_zombie_altar_yredelemnul, kennysheep_slug_shrine,
          mrwooster_statue_mirror, small_statue_alley_b

Skill      XL: |  1  2  3 |
---------------+----------+-----
Spellcasting   | 5 6 |  6.3
Short Blades   | |  0.3
Dodging        | |  2.7
Stealth        | |  2.4
Conjurations   | |  1.7
Summonings     | |  1.1
Translocations | |  1.5
Air Magic      | |  0.5
Poison Magic   | |  0.9

Action                   |  1- 3 |  4- 6 || total
-------------------------+-------+-------++-------
Melee: Dagger            |     7 |       ||     7
       Short sword       |    15 |    39 ||    54
 Cast: Magic Dart        |    76 |    49 ||   125
       Blink             |     5 |     3 ||     8
       Conjure Flame     |     1 |     1 ||     2
       Mephitic Cloud    |       |     1 ||     1
  Use: Potion            |       |     1 ||     1
 Stab: Sleeping          |     4 |     3 ||     7
  Eat: Chunk             |       |     2 ||     2
Armor: Robe              |     4 |     8 ||    12
Dodge: Dodged            |    59 |    68 ||   127

Table legend:
 A = Non-vault XP
 B = Vault XP
 C = Vault XP percentage of total XP
 D = Non-vault monster count
 E = Vault monster count
 F = Vault count percentage of total count
                 A         B        C        D         E       F
            +---------+---------+-------+---------+---------+-------
      Total |     117 |      19 |  14.0 |      40 |      10 |  20.0
            +---------+---------+-------+---------+---------+-------
        D:1 |      39 |       6 |  13.3 |      23 |       3 |  11.5
        D:2 |      69 |      13 |  15.9 |      13 |       7 |  35.0
        D:3 |       9 |       0 |   0.0 |       4 |       0 |   0.0
            +---------+---------+-------+---------+---------+-------
